 Dungeon Crawl Stone Soup version 0.20.1-1-g8b1a95d (webtiles) character file.

123 greprep the Skirmisher (level 4, -5/42 HPs)
             Began as a Minotaur Fighter on July 21, 2017.
             Killed from afar by an orc wizard (7 damage)
             ... with a magic dart
             ... on level 3 of the Dungeon.
             The game lasted 00:02:36 (1595 turns).

greprep the Skirmisher (Minotaur Fighter)           Turns: 1595, Time: 00:02:37

Health: -5/42      AC:  6    Str: 19 (21) XL:     4   Next: 80%
Magic:  3/3        EV:  8    Int:  2 (5)  God:
Gold:   112        SH:  9    Dex:  9 (10) Spells: 3/3 levels left

rFire    . . .     SeeInvis .   a - +0 war axe
rCold    + . .     Gourm    .   c - +0 shield
rNeg     . . .     Faith    .   l - +3 leather armour {rC+}
rPois    .         Spirit   .   (helmet restricted)
rElec    .         Reflect  .   (no cloak)
rCorr    .         Harm     .   (no gloves)
MR       .....                  (no boots)
Stlth    +.........             (no amulet)
Regen    0.2/turn               (no ring)
MPRegen  0.1/turn               (no ring)

@: no status effects
A: retaliatory headbutt, horns 2
a: no special abilities


You were on level 3 of the Dungeon.
You were not hungry.

You visited 1 branch of the dungeon, and saw 3 of its levels.

You collected 112 gold pieces.

Inventory:

Hand Weapons
 a - a +0 war axe (weapon)
Armour
 c - a +0 shield (worn)
 l - a +3 leather armour of cold resistance (worn)
Wands
 d - a wand of flame (22/48)
Scrolls
 e - a scroll of recharging {unknown}
 h - 2 scrolls of blinking {unknown}
 k - a scroll of teleportation {unknown}
Comestibles
 f - 2 bread rations
 g - a fruit
 m - a chunk of flesh


   Skills:
 + Level 5.2 Fighting
 + Level 4.7 Axes
 - Level 3.6 Armour
 - Level 3.6 Shields


You had 3 spell levels left.
You didn't know any spells.

Dungeon Overview and Level Annotations

Branches:
Dungeon (3/15)

Altars:


Innate Abilities, Weirdness & Mutations

You reflexively headbutt those who attack you in melee.
You have a pair of horns on your head.


Message History

You feel weakened.
You feel dopey.
You feel clumsy. The orc wizard closely misses you.
The orc hits you from afar with a trident.
* * * LOW HITPOINT WARNING * * *
You barely miss the orc wizard.
The orc wizard is heavily wounded.
The orc wizard closely misses you. The orc hits you but does no damage.
The orc wizard casts a spell at you. The puff of flame hits you!
* * * LOW HITPOINT WARNING * * *
You closely miss the orc wizard.
The orc wizard is heavily wounded.
You block the orc's attack. You block the orc wizard's attack.
As you read the scroll labeled DIALO AROIRUL, it crumbles to dust.
It is a scroll of enchant armour.
Your +2 leather armour of cold resistance glows green for a moment.
You block the orc's attack.
The orc wizard gestures at you while chanting.
The magic dart hits you!
You die...

... ...# . o ..# ##..##
#. o.####.. ..... . #..
.......####..# .. ....
...........### .. #....
........... ...
.....o####.#.#...####..#
#....ro@).$..#..<......#
#...(o####.#(#.....>....
#..#. #........)....# #
# #.#.#.#...##..#
#.#....[#.# .#
.......#.#.# #
..#.###.#.#.# .....
....... .#.# ##.#.#.#


You could see an orc priest, an orc wizard, an orc and a quokka.

Vanquished Creatures
  Ijyb (D:3)
  An orc wizard (D:3)
  3 gnolls (D:2)
  3 worms (D:2)
  A dart slug (D:2)
  An orc (D:3)
  5 goblins
  A hobgoblin (D:2)
  4 jackals (D:2)
  A quokka (D:2)
  5 bats (D:2)
  5 frilled lizards
  5 kobolds
  2 rats (D:1)
38 creatures vanquished.

Notes
Turn   | Place    | Note
-------+----------+-------------------------------------------
     0 | D:1      | greprep the Minotaur Fighter began the quest for the Orb.
     0 | D:1      | Reached XP level 1. HP: 19/19 MP: 0/0
   499 | D:2      | Reached XP level 2. HP: 27/27 MP: 1/1
   503 | D:2      | Reached skill level 4 in Fighting
   835 | D:2      | Reached XP level 3. HP: 28/34 MP: 2/2
  1098 | D:2      | Reached XP level 4. HP: 38/41 MP: 3/3
  1375 | D:3      | Noticed Ijyb
  1391 | D:3      | Killed Ijyb
  1391 | D:3      | Reached skill level 5 in Fighting
  1593 | D:3      | HP: 1/42 [orc wizard/puff of flame (4)]
  1595 | D:3      | Killed from afar by an orc wizard

Skill      XL: |  1  2  3  4 |
---------------+-------------+-----
Fighting       | 4 5 |  5.2
Axes           | 3 4 |  4.7
Armour         | |  3.6
Shields        | |  3.6

Action                   |  1- 3 |  4- 6 || total
-------------------------+-------+-------++-------
Melee: War axe           |    64 |    25 ||    89
       Headbutt          |    12 |     2 ||    14
  Use: Potion            |       |     2 ||     2
       Scroll            |       |     1 ||     1
  Eat: Chunk             |       |     2 ||     2
Armor: Scale mail        |    32 |     4 ||    36
       Leather armour    |       |     3 ||     3
Dodge: Dodged            |    17 |    10 ||    27
Block: Shield            |    35 |    16 ||    51
